 Dungeon Crawl Stone Soup version 0.20.1-1-g8b1a95d (webtiles) character file.

1229 vatarom the Chopper (level 8, -4/60 HPs)
             Began as a Demonspawn Abyssal Knight on Sept 24, 2017.
             Was a Priest of Lugonu.
             Slain by an orc warrior
             ... wielding a +0 flail
              (7 damage)
             ... on level 6 of the Dungeon on Sept 25, 2017.
             The game lasted 00:15:43 (6756 turns).

vatarom the Chopper (Demonspawn Abyssal Knight)     Turns: 6756, Time: 00:15:43

Health: -4/60      AC:  8    Str: 15    XL:     8   Next: 24%
Magic:  0/21       EV: 11    Int: 17    God:    Lugonu [***...]
Gold:   205        SH:  0    Dex: 12    Spells: 4/7 levels left

rFire    + + .     SeeInvis .   d - +0 hand axe
rCold    . . .     Gourm    .   (no shield)
rNeg     . . .     Faith    .   g - +3 leather armour {rF+}
rPois    .         Spirit   +   p - +1 helmet {Int+3}
rElec    .         Reflect  .   (no cloak)
rCorr    .         Harm     .   (no gloves)
MR       .....                  (no boots)
Stlth    +.........             k - amulet of guardian spirit
Regen    0.2/turn               h - ring of protection from fire
MPRegen  0.2/turn               o - ring of magical power

@: drained
A: hooves 2, powered by death 1, sturdy frame 1
a: Depart the Abyss, Bend Space, Banish, Renounce Religion


You were on level 6 of the Dungeon.
You worshipped Lugonu.
Lugonu was most pleased with you.
You were not hungry.

You visited 2 branches of the dungeon, and saw 7 of its levels.
You visited the Abyss 1 time.

You collected 205 gold pieces.

Inventory:

Hand Weapons
 d - a +0 hand axe (weapon)
Armour
 g - a +3 leather armour of fire resistance (worn)
 p - a +1 helmet of intelligence (worn)
Jewellery
 h - a ring of protection from fire (left hand)
 k - an amulet of guardian spirit (around neck)
 o - a ring of magical power (right hand)
Wands
 a - a wand of iceblast (8/15)
 j - a wand of digging (10/24)
 r - a wand of confusion (27/48)
Scrolls
 b - a scroll of teleportation
 e - a scroll of magic mapping
 f - a scroll of amnesia
 i - 2 scrolls of identify
 m - 3 scrolls of remove curse
 s - a scroll of blinking
Comestibles
 c - 2 bread rations
 l - a meat ration
 n - 2 fruits
 q - a royal jelly


   Skills:
 + Level 4.1(3.4) Fighting
 * Level 7.3(6.6) Axes
   Level 2.0(4.2) Polearms
 * Level 2.5(1.8) Armour
 - Level 1.5(0.8) Dodging
 + Level 5.6(4.8) Invocations


You had 4 spell levels left.
You knew the following spells:

 Your Spells              Type           Power        Failure   Level  Hunger
a - Regeneration          Chrm/Necr      #.........   58%         3    ####...


Dungeon Overview and Level Annotations

Branches:
Dungeon (6/15)             Temple (1/1) D:5

Altars:
Ashenzari
Cheibriados
Dithmenos
Elyvilon
Fedhas
Gozag
Hepliaklqana
Kikubaaqudgha
Makhleb
Nemelex Xobeh
Okawaru
Qazlal
Ru
Sif Muna
Trog
Uskayaw
Vehumet
Xom
Yredelemnul
Zin
The Shining One

Annotations:
Abyss:1 Crazy Yiuf, Edmund


Innate Abilities, Weirdness & Mutations

You have hoof-like feet.
You regenerate a little health from kills.
Your movements are slightly less encumbered by armour. (ER -2)


Message History

You bump into the rock wall.
The orc warrior hits you with a flail!
* * * LOW HITPOINT WARNING * * *
The orc warrior zaps a wand.
You resist with some effort.
The orc warrior zaps a wand.
Your will is overpowered!
You are more confused.
The orc barely misses you.
You're too confused to move!
The orc hits you but does no damage.
The orc warrior zaps a wand.
You resist with some effort.
You're too confused to move!
The orc warrior zaps a wand.
You resist with some effort. The orc hits you but does no damage.
The orc warrior hits you with a flail!
* * * LOW HITPOINT WARNING * * *
The orc closely misses you.
The orc hits you from afar with a trident!
* * * LOW HITPOINT WARNING * * *
You're too confused!
You closely miss the orc warrior.
You feel less confused. The orc warrior hits you with a flail!
You die...

..# ... ##+## #.#
##...## #.###
##.....## #.#.##
##.......##
#....####.........#
........'.........+
#....####.........#
#.#.## ##....oo@##
#.### ##.....## #.#
##...###### #.####
##.$...... #....#
#.####### ####.#
#.# # #.# ##.##
.### ##.##
##.$.#.....
#...#####..)...?..#


You could see an orc warrior and an orc.

Vanquished Creatures
  Eustachio (D:5)
  A phantom (D:5)
  Blork the orc (D:4)
  A scorpion (D:4)
  A howler monkey (D:6)
  2 hounds
  3 orc priests
  2 centaur skeletons
  6 orc wizards
  A bullfrog skeleton (D:5)
  An iguana (D:4)
  4 worker ants
  Ijyb (D:5)
  4 adders
  A howler monkey skeleton (D:6)
  An ooze (D:3)
  An adder zombie (D:5)
  4 worms
  A dart slug (D:2)
  2 leopard geckos
  23 orcs
  2 ball pythons
  9 giant cockroaches
  5 hobgoblins
  7 jackals
  6 kobolds
  3 quokkas
  11 bats
  3 frilled lizards
  6 goblins
  A jackal skeleton (D:6)
  14 rats
  A fungus (D:5)
130 creatures vanquished.

Vanquished Creatures (others)
  A jelly (D:5)
  An orc wizard (D:5)
2 creatures vanquished.

Grand Total: 132 creatures vanquished

Notes
Turn   | Place    | Note
-------+----------+-------------------------------------------
     0 | Abyss:1  | vatarom the Demonspawn Abyssal Knight began the quest for the Orb.
     0 | Abyss:1  | Reached XP level 1. HP: 18/18 MP: 2/2
     5 | D:1      | Escaped the Abyss
   182 | D:1      | Gained mutation: You regenerate a little health from kills. [demonic ancestry]
   182 | D:1      | Reached XP level 2. HP: 10/24 MP: 3/3
   315 | D:1      | Reached ** piety under Lugonu
   809 | D:2      | Reached skill level 1 in Dodging
  1019 | D:2      | Reached XP level 3. HP: 19/29 MP: 2/5
  1045 | D:2      | Reached skill level 1 in Axes
  1850 | D:2      | Gained mutation: You have large cloven feet. [demonic ancestry]
  1850 | D:2      | Reached XP level 4. HP: 24/37 MP: 4/6
  2003 | D:3      | Reached skill level 2 in Axes
  2482 | D:3      | Gained mutation: You have hoof-like feet. [demonic ancestry]
  2482 | D:3      | Reached XP level 5. HP: 9/42 MP: 5/7
  2736 | D:3      | Reached *** piety under Lugonu
  3068 | D:4      | Reached skill level 3 in Axes
  3162 | D:4      | Noticed Blork the orc
  3171 | D:4      | Reached skill level 4 in Axes
  3171 | D:4      | Reached XP level 6. HP: 34/48 MP: 8/8
  3182 | D:4      | Killed Blork the orc
  3611 | D:4      | Reached skill level 5 in Axes
  3918 | D:4      | Reached XP level 7. HP: 42/54 MP: 9/9
  3970 | D:5      | Entered Level 5 of the Dungeon
  4072 | D:5      | Found a blossoming altar of Fedhas.
  4124 | D:5      | Noticed Ijyb
  4139 | D:5      | Killed Ijyb
  4146 | D:5      | Found a staircase to the Ecumenical Temple.
  4158 | Temple   | Entered the Ecumenical Temple
  4401 | D:5      | Reached skill level 6 in Axes
  4603 | D:5      | HP: 2/54 [worker ant (4)]
  5174 | D:5      | Found a runed door.
  5231 | D:5      | Noticed Eustachio
  5597 | D:5      | Killed Eustachio
  5945 | D:5      | Noticed Crazy Yiuf
  5946 | D:5      | Banished Crazy Yiuf
  6070 | D:5      | Reached skill level 7 in Axes
  6070 | D:5      | Reached skill level 5 in Invocations
  6070 | D:5      | Gained mutation: Your movements are slightly less encumbered by armour. (ER -2) [demonic ancestry]
  6070 | D:5      | Reached XP level 8. HP: 35/60 MP: 11/11
  6166 | D:6      | Found a sacrificial altar of Ru.
  6183 | D:6      | Noticed Edmund
  6198 | D:6      | Banished Edmund
  6377 | D:6      | Learned a level 3 spell: Regeneration
  6753 | D:6      | HP: 3/60 [orc/trident (4)]
  6756 | D:6      | Slain by an orc warrior

Skill      XL: |  1  2  3  4  5  6  7  8 |
---------------+-------------------------+-----
Polearms       | 2 |  2.0
Dodging        | 1 |  1.5
Axes           | 1 2 4 5 7 |  7.3
Invocations    | 3 5 |  5.6
Fighting       | 4 |  4.1
Armour         | 2 |  2.5

Action                   |  1- 3 |  4- 6 |  7- 9 || total
-------------------------+-------+-------+-------++-------
Melee: Spear             |    75 |       |       ||    75
       Hand axe          |    81 |   201 |   359 ||   641
       Kick              |       |    61 |    80 ||   141
Invok: Banish            |       |       |     3 ||     3
Evoke: Wand              |       |       |     2 ||     2
  Use: Scroll            |     8 |     3 |     4 ||    15
       Potion            |     3 |     1 |    13 ||    17
  Eat: Chunk             |     3 |     5 |     5 ||    13
       Royal jelly       |       |     1 |       ||     1
       Bread ration      |       |       |     2 ||     2
Armor: Leather armour    |    58 |    55 |    62 ||   175
       Skin              |       |       |   104 ||   104
Dodge: Dodged            |   106 |   112 |   182 ||   400
